 Dungeon Crawl Stone Soup version 0.28.0 (webtiles) character file.

Game seed: 11873555846016205400

91 pkoi the Gusty (level 4, 0/33 HPs)
             Began as a Draconian Air Elementalist on Feb 15, 2022.
             Slain by an orc wizard (4 damage)
             ... on level 2 of the Dungeon.
             The game lasted 00:03:57 (2896 turns).

pkoi the Gusty (Draconian Air Elementalist)         Turns: 2896, Time: 00:03:58

Health: 0/33       AC:  5    Str: 11    XL:     4   Next: 34%
Magic:  7/7        EV: 12    Int: 17    God:
Gold:   122        SH:  0    Dex: 11    Spells: 0/8 levels left

rFire   . . .      SeeInvis .   b - +0 mace
rCold   . . .      Faith    .   (no shield)
rNeg    . . .      Spirit   .   (armour unavailable)
rPois   +          Reflect  .   (helmet restricted)
rElec   .          Harm     .   (no cloak)
rCorr   .          Rampage  .   (no gloves)
Will    .....                   (no boots)
Stlth   +.........              (no amulet)
HPRegen 0.11/turn               (no ring)
MPRegen 0.10/turn               (no ring)

@: confused, lethally poisoned (0 -> -2), attractive
A: AC +5, unfitting armour, cold-blooded, low MP 1, poison resistance
a: no special abilities


You were on level 2 of the Dungeon.
You visited 1 branch of the dungeon, and saw 3 of its levels.

You collected 122 gold pieces.

Inventory:

Hand Weapons
 b - a +0 mace (weapon)
 c - a +0 dagger
Scrolls
 a - 2 scrolls of identify {unknown}
 f - a scroll of teleportation {unknown}


   Skills:
 - Level 1.7 Dodging
 - Level 1.7 Stealth
 + Level 2.6 Spellcasting
 + Level 2.1 Conjurations
 + Level 4.3 Air Magic


You couldn't memorise any spells.
You knew the following spells:

 Your Spells              Type           Power      Damage    Failure   Level
a - Shock                 Conj/Air       52%        1d6       4%          1
b - Swiftness             Air            17%        N/A       9%          3
c - Airstrike             Air            8%         N/A       30%         4

Your spell library contained the following spells:

 Spells                   Type           Power      Damage    Failure   Level
 Static Discharge         Conj/Air       13%        N/A       8%          2
 Gell's Gravitas          Tloc           2%         N/A       50%         3
 Ozocubu's Armour         Ice            2%         N/A       50%         3
 Teleport Other           Tloc           2%         N/A       50%         3
 Dispersal                Tloc           1%         N/A       100%        6
 Ozocubu's Refrigeration  Ice            1%         4d5       100%        7


Dungeon Overview and Level Annotations

Branches:
Dungeon (3/15)

Altars:

Annotations:
D:2 1 runed translucent door, Crazy Yiuf


Innate Abilities, Weirdness & Mutations

Your plain brown scales are hard. (AC +5)
You cannot fit into any form of body armour.
You are cold-blooded and may be slowed by cold attacks.
Your magical capacity is low. (-10% MP)
Your system is resistant to poisons. (rPois)


Message History

There is a stone staircase leading down here.
The orc wizard hits you but does no damage.
You are poisoned.
You feel very sick.
You bump into the rock wall.
You feel sick.
The orc wizard hits you but does no damage.
You are more poisoned.
You feel very sick.
You feel very sick.
The orc wizard hits you but does no damage.
You are more poisoned.
You miss the orc wizard.
* * * LOW HITPOINT WARNING * * *
You feel very sick. The orc wizard closely misses you.
The orc wizard misses you.
* * * LOW HITPOINT WARNING * * *
You feel very sick. The orc wizard closely misses you.
You feel less confused.
* * * LOW HITPOINT WARNING * * *
You feel sick.
It was a potion of cancellation.
You feel magically purged.
* * * LOW HITPOINT WARNING * * *
You feel sick. The orc wizard closely misses you.
It was a potion of mutation.
You feel extremely strange.
You feel less energetic.
You feel resistant to poisons.
* * * LOW HITPOINT WARNING * * *
You feel sick.
The orc wizard gestures at you while chanting.
You are confused.
It was a potion of attraction.
You feel attractive to monsters.
You feel sick. The orc wizard closely misses you.
You aren't carrying any potions.
You are too confused!
You barely miss the orc wizard.
* * * LOW HITPOINT WARNING * * *
You feel sick.
The orc wizard hits you with a +2 dagger of venom.
You die...

##.# #.. #.# #.#
#.# #.# ########.##
#.# ##...#.....#
#.# ##..........#
#.. #...........#
#..
#...........####..
#@o...............
##..........#.##.#
##..>#...#......#
##########)##......
#..........#####...
#..........# ##.#
#..>......## ####.#
#..........###.....
#................(.


You could see an orc wizard.

Vanquished Creatures
  An orc wizard (D:3)
  An adder (D:2)
  A worm (D:2)
  A dart slug (D:3)
  8 orcs
  4 bats
  3 endoplasms
  A giant cockroach (D:2)
  6 goblins
  2 hobgoblins (D:1)
  A kobold (D:1)
  A quokka (D:2)
  2 ball pythons (D:1)
  2 frilled lizards (D:2)
  12 rats
46 creatures vanquished.

Notes
Turn   | Place    | Note
-------+----------+-------------------------------------------
     0 | D:1      | pkoi the Draconian Air Elementalist began the quest for the
                  | Orb.
     0 | D:1      | Reached XP level 1. HP: 14/14 MP: 3/3
   388 | D:1      | Reached XP level 2. HP: 16/20 MP: 0/5
   904 | D:2      | Found a runed translucent door.
   905 | D:2      | Noticed Crazy Yiuf
  1260 | D:2      | Reached skill level 4 in Air Magic
  1653 | D:2      | Reached XP level 3. HP: 26/26 MP: 0/6
  2006 | D:2      | Found a faded altar of an unknown god.
  2540 | D:3      | Reached XP level 4. HP: 33/33 MP: 2/7
  2598 | D:3      | Learned a level 3 spell: Swiftness
  2603 | D:3      | Learned a level 4 spell: Airstrike
  2894 | D:2      | Gained mutation: Your magical capacity is low. (-10% MP)
                  | [potion of mutation]
  2894 | D:2      | Gained mutation: Your system is resistant to poisons.
                  | (rPois) [potion of mutation]
  2896 | D:2      | Slain by an orc wizard

Illustrated notes

Levels and vault maps discovered:
D:1:      nzn_arrival_crosshair, layout_basic
D:2:      layout_rooms, ebering_ecumenical_altar_hall, uniq_crazy_yiuf_cottage
D:3:      layout_rooms, amethyst_overflow_temple_binary, serial_shops,
          shop_fountains, grunt_ministairs_12

Skill      XL: |  1  2  3 |
---------------+----------+-----
Air Magic      | 4 |  4.3
Conjurations   | 2 |  2.1
Dodging        | |  1.7
Stealth        | |  1.7
Spellcasting   | |  2.6

Action                   |  1- 3 |  4- 6 || total
-------------------------+-------+-------++-------
Melee: Mace              |    17 |     2 ||    19
       Tailslap          |     1 |       ||     1
 Cast: Shock             |    91 |    19 ||   110
  Use: Potion            |       |     3 ||     3
Armor: Skin              |     8 |     3 ||    11
Dodge: Dodged            |    15 |     5 ||    20
